 Dungeon Crawl Stone Soup version 0.27.1-37-g7b29ead8ac (webtiles) character file.

Game seed: 15619879775770768956

72 sahdkjhfkaj the Sneak (level 4, -3/33 HPs)
             Began as a Merfolk Enchanter on Feb 24, 2023.
             Slain by a sky beast (5 damage)
             ... on level 3 of the Dungeon.
             The game lasted 00:10:21 (3143 turns).

sahdkjhfkaj the Sneak (Merfolk Enchanter)           Turns: 3143, Time: 00:10:23

Health: -3/33      AC:  3    Str:  9    XL:     4   Next: 26%
Magic:  3/7        EV: 12    Int: 14    God:
Gold:   63         SH:  0    Dex: 14    Spells: 1/7 levels left

rFire    + . .     SeeInvis .   a - +1 dagger
rCold    + . .     Faith    .   (no shield)
rNeg     . . .     Spirit   .   b - +0 robe
rPois    .         Reflect  .   (no helmet)
rElec    .         Harm     .   (no cloak)
rCorr    .         Rampage  .   m - +0 pair of gloves
Will     .....                  (no boots)
Stlth    ++........             (no amulet)
HPRegen  0.11/turn              l - ring of protection from fire
MPRegen  0.10/turn              h - ring of protection from cold

@: no status effects
A: (nimble swimmer 2), mertail
a: no special abilities


You were on level 3 of the Dungeon.
You visited 1 branch of the dungeon, and saw 3 of its levels.

You collected 63 gold pieces.

Inventory:

Hand Weapons
 a - a +1 dagger (weapon)
Missiles
 e - 81 stones
Armour
 b - a +0 robe (worn)
 i - a +0 kite shield
 m - a +0 pair of gloves (worn)
Jewellery
 h - a ring of protection from cold (right hand)
 l - a ring of protection from fire (left hand)
Scrolls
 d - a scroll of enchant weapon {unknown}
 f - a scroll of teleportation {unknown}
 j - a scroll of noise
 k - a scroll of acquirement {unknown}


   Skills:
 - Level 2.0 Fighting
 - Level 2.0 Short Blades
 - Level 2.6 Dodging
 - Level 3.2 Stealth
 + Level 2.1 Spellcasting
 - Level 3.0 Hexes
 - Level 3.0 Ice Magic


You had one spell level left.
You knew the following spells:

 Your Spells              Type           Power      Damage    Failure   Level
a - Corona                Hex            10%        N/A       7%          1
d - Ensorcelled Hibernat  Hex/Ice        18%        N/A       11%         2
A - Frozen Ramparts       Ice            18%        1d3       21%         3

Your spell library contained the following spells:

 Spells                   Type           Power      Damage    Failure   Level
 Freeze                   Ice            36%        1d6       7%          1
 Confusing Touch          Hex            9%         N/A       21%         3
 Tukima's Dance           Hex            9%         N/A       21%         3
 Dazzling Flash           Conj/Hex       10%        N/A       36%         3
 Hailstorm                Conj/Ice       5%         3d4       77%         4
 Alistair's Intoxication  Tmut/Pois      0%         N/A       100%        5
 Borgnjor's Vile Clutch   Necr/Erth      0%         N/A       100%        5
 Eringya's Noxious Bog    Tmut/Pois      0%         N/A       100%        6


Dungeon Overview and Level Annotations

Branches:
Dungeon (3/15)

Altars:

Annotations:
D:3 3 runed translucent doors, JohnEldenRing's ghost, amateur GrMo


Innate Abilities, Weirdness & Mutations

((You are quick and stealthy near water. (Stealth+, EV+, Speed+++)))
Your lower body shifts to a powerful aquatic tail in water.


Message History

Confirm with . or Enter, or press ? or * to list all spells.
Aiming: Ensorcelled Hibernation (safe; 11% risk of failure)
Press: ? - help, Shift-Dir - straight line, f - sky beast
Aim: a sky beast (heavily wounded, chance to affect: 40%)
The sky beast resists with some effort.
A hobgoblin comes into view.
You hit the hobgoblin but do no damage. The sky beast hits you.
The sky beast shocks you. The hobgoblin barely misses you.
You hit the hobgoblin but do no damage. The sky beast hits you.
The sky beast shocks you. The hobgoblin hits you.
Casting: Ensorcelled Hibernation (safe; 11% risk of failure)
Confirm with . or Enter, or press ? or * to list all spells.
Aiming: Ensorcelled Hibernation (safe; 11% risk of failure)
Press: ? - help, Shift-Dir - straight line, f/p - sky beast
Aim: a sky beast (heavily wounded, chance to affect: 40%)
The sky beast resists with some effort.
The sky beast misses you. The hobgoblin hits you.
Okay, then.
It was a potion of magic.
Magic courses through your body. The sky beast hits you.
The sky beast shocks you.
* * * LOW HITPOINT WARNING * * *
The hobgoblin hits you.
* * * LOW HITPOINT WARNING * * *
Casting: Ensorcelled Hibernation (safe; 11% risk of failure)
Confirm with . or Enter, or press ? or * to list all spells.
Aiming: Ensorcelled Hibernation (safe; 11% risk of failure)
Press: ? - help, Shift-Dir - straight line, f/p - sky beast
Aim: a sky beast (heavily wounded, chance to affect: 40%)
The sky beast resists with some effort.
The sky beast hits you but does no damage.
The hobgoblin hits you but does no damage.
Casting: Ensorcelled Hibernation (safe; 11% risk of failure)
Confirm with . or Enter, or press ? or * to list all spells.
Aiming: Ensorcelled Hibernation (safe; 11% risk of failure)
Press: ? - help, Shift-Dir - straight line, f/p - sky beast
Aim: a sky beast (heavily wounded, chance to affect: 40%)
The sky beast resists with some effort.
The sky beast hits you.
* * * LOW HITPOINT WARNING * * *
The sky beast shocks you.
You die...

...... #########..###
##............# ...#
######.#.# #.<# #.#.#
#..# #.#.# #..# #.#.# ##
#..##### #.#.#####...##
.......####.#..Y@g.....#
#...........#######....#
#.###+++###.###### #.#
#.#.....ZW#......#
#.##.....#######.#
#.#.......#.# #)#
####..[?.##.####.#
#..#.#..#......###.#
#########.#........#


You could see a sky beast and a hobgoblin.

Vanquished Creatures
  Natasha (D:3)
  An adder (D:2)
  A worm (D:2)
  An orc (D:3)
  4 endoplasms
  2 goblins
  5 hobgoblins
  2 jackals (D:2)
  A quokka (D:2)
  5 ball pythons
  4 bats
  4 frilled lizards
  4 rats
35 creatures vanquished.

Notes
Turn   | Place    | Note
-------+----------+-------------------------------------------
     0 | D:1      | sahdkjhfkaj the Merfolk Enchanter began the quest for the
                  | Orb.
     0 | D:1      | Reached XP level 1. HP: 13/13 MP: 3/3
   864 | D:1      | Reached skill level 1 in Fighting
  1016 | D:1      | Reached XP level 2. HP: 18/21 MP: 5/5
  1019 | D:1      | Learned a level 2 spell: Ensorcelled Hibernation
  1149 | D:1      | Found a faded altar of an unknown god.
  1224 | D:1      | Reached skill level 1 in Ice Magic
  1939 | D:2      | Reached XP level 3. HP: 22/26 MP: 3/6
  2755 | D:2      | Learned a level 3 spell: Frozen Ramparts
  2784 | D:3      | Noticed Natasha
  2789 | D:3      | Noticed a sky beast
  2791 | D:3      | Killed Natasha
  2792 | D:3      | Reached XP level 4. HP: 20/33 MP: 0/7
  3100 | D:3      | Found a runed translucent gate.
  3100 | D:3      | Found a runed translucent gate.
  3100 | D:3      | Found a runed translucent gate.
  3101 | D:3      | Noticed JohnEldenRing's ghost (amateur GrMo)
  3143 | D:3      | Slain by a sky beast

Illustrated notes

Levels and vault maps discovered:
D:1:      lemuel_arrival_funnel, layout_rooms, basic_ecumenical_altar
D:2:      layout_loops_ring
D:3:      layout_loops_ring, gammafunk_ghost_necromancy, uniq_natasha,
          uniq_jessica

Skill      XL: |  1  2  3 |
---------------+----------+-----
Fighting       | 1 2 |  2.0
Short Blades   | 2 |  2.0
Ice Magic      | 2 3 |  3.0
Dodging        | |  2.6
Stealth        | |  3.2
Spellcasting   | |  2.1
Hexes          | |  3.0

Action                   |  1- 3 |  4- 6 || total
-------------------------+-------+-------++-------
Melee: Dagger            |    85 |    16 ||   101
Throw: Stone             |     4 |       ||     4
 Cast: Corona            |     6 |       ||     6
       Ensorcelled Hiber |    22 |     9 ||    31
  Use: Scroll            |     3 |       ||     3
       Potion            |       |     1 ||     1
 Stab: Sleeping          |    19 |     3 ||    22
Armor: Robe              |    10 |     7 ||    17
Dodge: Dodged            |    59 |    14 ||    73
